WCHLSIM.com - West Coast Hockey League
html PUBLIC "-//W3C//DTD XHTML 1.0 Transitional//EN" "http://www.w3.org/TR/xhtml1/DTD/xhtml1-transitional.dtd"> WCHL - Game 915 - OAKLAND GORILLAS vs TEXAS TOROS

OAKLAND GORILLAS vs TEXAS TOROS

Created - 27 février 2020 at 17:59

Goals
1 2 3 T
OAKLAND GORILLAS 0 1 0 1
TEXAS TOROS 2 0 1 3
Shots
1 2 3 T
OAKLAND GORILLAS 5 12 7 24
TEXAS TOROS 17 9 7 33

1st period

1. TEXAS TOROS , Justin Abdelkader 5 (Dmitry Kulikov 5) at 14:06
2. TEXAS TOROS , Derek Stepan 19 (Jake Virtanen 16, Max Domi 50) at 14:23

Penalties :
Jakob Chychrun (OAK) for Interference (Minor) at 2:58, John Moore (OAK) for High sticking (Minor) at 7:00, Filip Hronek (OAK) for Holding Stick (Minor) at 10:25

2nd period

3. OAKLAND GORILLAS , Wayne Simmonds 5 (Cedric Paquette 9) at 10:16

Penalties :
David Savard (TEX) for Hooking (Minor) at 3:51, Dmitry Kulikov (TEX) for Hooking (Minor) at 7:10, Stefan Noesen (OAK) for Roughing (Minor) at 17:09

3rd period

4. TEXAS TOROS , Alexander Wennberg 5 (Brock McGinn 11) at 1:33

Penalties :
Jake Virtanen (TEX) for Cross-checking (Minor) at 1:11, John Moore (OAK) for Hooking (Minor) at 1:11, David Savard (TEX) for Interference (Minor) at 13:15

Goalie Stats

Louis Domingue (OAK), 30 saves from 33 shots - (0,909), L, 5-8-0, 60:00 minutes
Cory Schneider (TEX), 23 saves from 24 shots - (0,958), W, 14-17-2, 60:00 minutes

Players Stats for OAKLAND GORILLAS

Player Name              G  A  P  +/- PIM S  H  SB GA TA FO     MP     PP MP  PK MP  
------------------------------------------------------------------------------------
Brady Tkachuk            0  0  0   0  0   5  0  0  0  0  1/4    21:03   2:38   3:26 
Brandon Dubinsky         0  0  0   0  0   0  0  0  0  0  1/1     6:00   0:00   0:00 
Cedric Paquette          0  1  1   0  0   4  2  0  0  0  8/18   10:23   0:24   0:00 
Devin Shore              0  0  0  -1  0   2  1  0  0  0  9/26   16:53   3:19   0:00 
Filip Hronek             0  0  0  -1  2   0  2  0  0  0  0/0    21:12   3:09   2:52 
Jakob Chychrun           0  0  0  -2  2   1  1  1  0  0  0/0    23:25   2:48   3:28 
James Neal               0  0  0  -1  0   1  0  0  0  0  2/6    16:22   2:14   0:00 
Jimmy Vesey              0  0  0  -1  0   2  1  1  0  0  3/10   21:23   3:19   4:30 
John Moore               0  0  0  -1  4   0  3  4  0  0  0/0    22:10   2:48   3:21 
Jordan Greenway          0  0  0   0  0   1  0  0  0  0  0/0     9:59   0:00   0:00 
Matt Benning             0  0  0   0  0   0  3  0  0  0  0/0    14:35   0:00   0:17 
Nathan Beaulieu          0  0  0   1  0   1  1  0  0  0  0/0    16:12   0:00   2:18 
Ryan Reaves              0  0  0  -1  0   1  2  0  0  0  9/20   15:36   0:00   0:00 
Samuel Girard            0  0  0  -1  0   0  0  0  0  0  0/0    22:22   3:09   3:36 
Stefan Noesen            0  0  0   0  2   0  1  0  0  0  1/4     5:59   0:00   0:00 
Tyler Toffoli            0  0  0  -1  0   1  0  0  0  0  0/1    23:18   2:38   4:30 
Valeri Nichushkin        0  0  0   0  0   0  0  0  0  0  0/1     6:00   0:00   0:00 
Wayne Simmonds           1  0  1   0  0   5  2  0  0  0  1/2    17:08   3:19   3:26 

Players Stats for TEXAS TOROS

Player Name              G  A  P  +/- PIM S  H  SB GA TA FO     MP     PP MP  PK MP  
------------------------------------------------------------------------------------
Alexander Wennberg       1  0  1   1  0   4  0  0  0  0  16/28  17:56   3:38   0:00 
Braydon Coburn           0  0  0   0  0   0  2  1  0  0  0/0    23:35   2:26   3:21 
Brock McGinn             0  1  1   1  0   0  1  1  0  0  0/0    12:46   0:00   2:07 
Conor Sheary             0  0  0   0  0   4  0  0  0  0  0/1    17:34   3:38   0:00 
Dante Fabbro             0  0  0   1  0   0  1  0  0  0  0/0    21:25   3:18   2:44 
David Savard             0  0  0   0  4   2  3  0  0  0  0/0    26:12   4:08   1:04 
Derek Stepan             1  0  1   0  0   6  0  0  0  0  24/32  23:40   4:18   3:50 
Dmitry Kulikov           0  1  1   1  2   2  1  1  0  0  0/0    19:07   0:00   1:58 
Jack Roslovic            0  0  0   1  0   0  0  0  0  0  0/0     7:11   0:00   0:00 
Jake Virtanen            0  1  1   0  2   4  4  0  0  0  0/0    17:52   3:38   0:45 
Jeremy Lauzon            0  0  0   2  0   0  0  0  0  0  0/0    22:26   4:08   2:02 
Johan Larsson            0  0  0   0  0   1  6  0  0  0  1/2    18:14   4:18   0:00 
Justin Abdelkader        1  0  1   1  0   3  2  1  0  0  0/0    11:06   0:00   3:50 
Max Domi                 0  1  1   0  0   4  2  0  0  0  2/3    18:39   4:18   0:00 
Nick Cousins             0  0  0   0  0   3  0  0  0  0  7/13   10:17   0:00   0:00 
Riley Nash               0  0  0   0  0   0  1  0  0  0  0/0    10:17   0:00   0:00 
Ryan Poehling            0  0  0   1  0   0  2  0  0  0  8/14    9:18   0:00   2:07 
Tyson Barrie             0  0  0   0  0   0  0  0  0  0  0/0     4:25   1:52   0:00 

3 Stars

1 - Justin Abdelkader (TEX)
2 - Alexander Wennberg (TEX)
3 - Cory Schneider (TEX)

Power Play

OAKLAND GORILLAS - 0 on 3 Attempt(s) - 0,00%
TEXAS TOROS - 0 on 4 Attempt(s) - 0,00%

Penalty Kill

OAKLAND GORILLAS - 4 on 4 Attempt(s) - 100,00% - Score 0 goal in Penalty Kill
TEXAS TOROS - 3 on 3 Attempt(s) - 100,00% - Score 0 goal in Penalty Kill

Team Stat

OAKLAND GORILLAS - Hits : 19 - Faceoff Wins : 35 - Blocked Shots : 6 - Penalty Minutes : 10
TEXAS TOROS - Hits : 25 - Faceoff Wins : 58 - Blocked Shots : 4 - Penalty Minutes : 8

Official

Referees : Peter Tarnaris and Jacob Brenk
Linesman : Andy McElman and Ed Boyle

Game Notes

Tyson Barrie is injured at 10:24 of 1st period (Strained Right Elbow)

Finance

Level 1 -- Attendance: 6053 (93,12%) -- Ticket Income 617 406 $
Level 2 -- Attendance: 5500 (100,00%) -- Ticket Income 357 500 $
Level 3 -- Attendance: 2589 (86,30%) -- Ticket Income 95 793 $
Level 4 -- Attendance: 4717 (94,34%) -- Ticket Income 117 925 $
Luxury Box -- Attendance: 897 (89,70%) -- Ticket Income 188 370 $
Game was played at the Red Bull Arena.
Total Attendance: 19756 (94,08%)
Total Ticket Income: 1 376 994 $
Other Income: 413 098 $
Total Income: 1 790 092 $

OAKLAND GORILLAS

5 vs 5 Forward 
   Center                   Left Wing                Right Wing               Time % Phy DF OF 
 1 Ryan Reaves              Brady Tkachuk            Tyler Toffoli            36     1   2  2  
 2 Devin Shore              Jimmy Vesey              James Neal               31     1   2  2  
 3 Cedric Paquette          Jordan Greenway          Wayne Simmonds           23     1   2  2  
 4 Stefan Noesen            Valeri Nichushkin        Brandon Dubinsky         10     1   2  2  

5 vs 5 Defense 
   Defense                  Defense                                           Time % Phy DF OF 
 1 Filip Hronek             Jakob Chychrun                                    36     1   2  2  
 2 Samuel Girard            John Moore                                        31     1   2  2  
 3 Matt Benning             Nathan Beaulieu                                   23     1   2  2  
 4 Jakob Chychrun           John Moore                                        10     1   2  2  

PowerPlay Forward 
   Center                   Left Wing                Right Wing               Time % Phy DF OF 
 1 James Neal               Brady Tkachuk            Tyler Toffoli            55     1   2  2  
 2 Devin Shore              Jimmy Vesey              Wayne Simmonds           45     1   2  2  

PowerPlay Defense
   Defense                  Defense                                           Time % Phy DF OF 
 1 John Moore               Jakob Chychrun                                    55     1   2  2  
 2 Samuel Girard            Filip Hronek                                      45     1   2  2  

Penalty Kill 4 Players Forward 
   Center                   Wing                     Time % Phy DF OF 
 1 Jimmy Vesey              Tyler Toffoli            55     1   2  2  
 2 Brady Tkachuk            Wayne Simmonds           45     1   2  2  

Penalty Kill 4 Players Defense
   Defense                  Defense                  Time % Phy DF OF 
 1 John Moore               Jakob Chychrun           55     1   2  2  
 2 Samuel Girard            Filip Hronek             45     1   2  2  

Penalty Kill - 3 Players Forward 
   Forward                                           Time % Phy DF OF 
 1 Brady Tkachuk                                     55     1   2  2  
 2 Tyler Toffoli                                     45     1   2  2  

Penalty Kill - 3 Players Defense
   Defense                  Defense                  Time % Phy DF OF 
 1 John Moore               Jakob Chychrun           55     1   2  2  
 2 Samuel Girard            Filip Hronek             45     1   2  2  

4 vs 4 Forward 
   Center                   Wing                     Time % Phy DF OF 
 1 Ryan Reaves              Tyler Toffoli            55     1   2  2  
 2 Brady Tkachuk            Wayne Simmonds           45     1   2  2  

4 vs 4 Defense
   Defense                  Defense                  Time % Phy DF OF 
 1 John Moore               Jakob Chychrun           55     1   2  2  
 2 Samuel Girard            Filip Hronek             45     1   2  2  

Last Minutes Offensive
   Center                   Left Wing                Right Wing               Defense                  Defense                  
   Ryan Reaves              Brady Tkachuk            Tyler Toffoli            John Moore               Jakob Chychrun           

Last Minutes Defensive
   Center                   Left Wing                Right Wing               Defense                  Defense                  
   Ryan Reaves              Brady Tkachuk            Tyler Toffoli            John Moore               Jakob Chychrun           

Goaltenders
Starting : Louis Domingue           
Backup : Tristan Jarry            

Extra Forwards
Normal : James Neal, Cedric Paquette, Jordan Greenway - PP : James Neal, Cedric Paquette - PK : Jordan Greenway
Extra Defensemen
Normal : Matt Benning, Nathan Beaulieu, Jakob Chychrun - PP : Matt Benning - PK : Nathan Beaulieu, John Moore
Penalty Shots
Cedric Paquette, Tyler Toffoli, Brady Tkachuk, Wayne Simmonds, Jimmy Vesey
Custom OT Lines Forwards
Ryan Reaves, Tyler Toffoli, Brady Tkachuk, Wayne Simmonds, Jimmy Vesey, James Neal, Devin Shore, Cedric Paquette, Jordan Greenway, Valeri Nichushkin
Custom OT Lines Defensemen
John Moore, Jakob Chychrun, Samuel Girard, Filip Hronek, Matt Benning

Scratches
Haydn Fleury (Healthy), Jamie Oleksiak (Healthy), Nico Hischier (Exhaustion), Erik Gudbranson (Sprained Right Knee Injury), Sam Reinhart (Abdominal Strain Injury)
Travis Boyd (Healthy), Antti Raanta (Healthy)

TEXAS TOROS

5 vs 5 Forward 
   Center                   Left Wing                Right Wing               Time % Phy DF OF 
 1 Derek Stepan             Max Domi                 Jake Virtanen            34     0   2  3  
 2 Alexander Wennberg       Conor Sheary             Johan Larsson            33     1   1  3  
 3 Nick Cousins             Brock McGinn             Riley Nash               20     1   2  2  
 4 Ryan Poehling            Justin Abdelkader        Jack Roslovic            13     2   2  1  

5 vs 5 Defense 
   Defense                  Defense                                           Time % Phy DF OF 
 1 David Savard             Tyson Barrie                                      36     1   2  2  
 2 Dante Fabbro             Braydon Coburn                                    31     1   2  2  
 3 Jeremy Lauzon            Dmitry Kulikov                                    23     1   2  2  
 4 David Savard             Tyson Barrie                                      10     1   2  2  

PowerPlay Forward 
   Center                   Left Wing                Right Wing               Time % Phy DF OF 
 1 Derek Stepan             Max Domi                 Johan Larsson            55     1   2  2  
 2 Alexander Wennberg       Conor Sheary             Jake Virtanen            45     1   2  2  

PowerPlay Defense
   Defense                  Defense                                           Time % Phy DF OF 
 1 Dante Fabbro             Tyson Barrie                                      55     1   2  2  
 2 David Savard             Jeremy Lauzon                                     45     1   2  2  

Penalty Kill 4 Players Forward 
   Center                   Wing                     Time % Phy DF OF 
 1 Derek Stepan             Justin Abdelkader        55     1   2  2  
 2 Ryan Poehling            Brock McGinn             45     1   2  2  

Penalty Kill 4 Players Defense
   Defense                  Defense                  Time % Phy DF OF 
 1 Dmitry Kulikov           Braydon Coburn           55     1   2  2  
 2 David Savard             Dante Fabbro             45     1   2  2  

Penalty Kill - 3 Players Forward 
   Forward                                           Time % Phy DF OF 
 1 Derek Stepan                                      55     1   2  2  
 2 Ryan Poehling                                     45     1   2  2  

Penalty Kill - 3 Players Defense
   Defense                  Defense                  Time % Phy DF OF 
 1 Dmitry Kulikov           Tyson Barrie             55     1   2  2  
 2 David Savard             Dante Fabbro             45     1   2  2  

4 vs 4 Forward 
   Center                   Wing                     Time % Phy DF OF 
 1 Max Domi                 Jake Virtanen            55     1   2  2  
 2 Alexander Wennberg       Brock McGinn             45     1   2  2  

4 vs 4 Defense
   Defense                  Defense                  Time % Phy DF OF 
 1 Dante Fabbro             Tyson Barrie             55     1   2  2  
 2 David Savard             Jeremy Lauzon            45     1   2  2  

Last Minutes Offensive
   Center                   Left Wing                Right Wing               Defense                  Defense                  
   Derek Stepan             Max Domi                 Jake Virtanen            Dante Fabbro             Tyson Barrie             

Last Minutes Defensive
   Center                   Left Wing                Right Wing               Defense                  Defense                  
   Alexander Wennberg       Brock McGinn             Justin Abdelkader        Jeremy Lauzon            David Savard             

Goaltenders
Starting : Cory Schneider           
Backup : Christopher Gibson       

Extra Forwards
Normal : Derek Stepan, Max Domi, Jake Virtanen - PP : Max Domi, Derek Stepan - PK : Alexander Wennberg
Extra Defensemen
Normal : Dmitry Kulikov, Jeremy Lauzon, David Savard - PP : Tyson Barrie - PK : Braydon Coburn, David Savard
Penalty Shots
Max Domi, Justin Abdelkader, Alexander Wennberg, Brock McGinn, Jake Virtanen
Custom OT Lines Forwards
Max Domi, Justin Abdelkader, Alexander Wennberg, Brock McGinn, Jake Virtanen, Johan Larsson, Nick Cousins, Derek Stepan, Riley Nash, Jack Roslovic
Custom OT Lines Defensemen
Jeremy Lauzon, Tyson Barrie, David Savard, Dante Fabbro, Braydon Coburn

Scratches
Sergei Boikov (Healthy), Johnathan Kovacevic (Healthy), Madison Bowey (Left Hand Injury), Patrick Russell (Healthy), Ryan Sproul (Healthy)
Nathan Walker (Healthy), Erik Johnson (Strained Right Elbow Injury), Ryan Olsen (Healthy), Sven Baertschi (Healthy)

% Time on Ice - OAKLAND GORILLAS

Lines # - Real PCT - Wanted PCT - Time Play
Normal Forward
1 - 33% - 36% - 14:35
2 - 31% - 31% - 13:34
3 - 23% - 23% - 9:59
4 - 14% - 10% - 6:00
Normal Defense
1 - 33% - 36% - 14:45
2 - 34% - 31% - 15:10
3 - 30% - 23% - 13:20
4 - 2% - 10% - 0:53
PP Forward
1 - 44% - 55% - 2:38
2 - 56% - 45% - 3:19
PP Defense
1 - 47% - 55% - 2:48
2 - 53% - 45% - 3:09
PK Forward
1 - 57% - 55% - 4:30
2 - 43% - 45% - 3:26
PK Defense
1 - 55% - 55% - 4:20
2 - 45% - 45% - 3:36
PK3 Forward
1 - 0% - 55%
2 - 0% - 45%
PK3 Defense
1 - 0% - 55%
2 - 0% - 45%
44 Forward
1 - 80% - 55% - 1:35
2 - 20% - 45% - 0:24
44 Defense
1 - 77% - 55% - 1:32
2 - 23% - 45% - 0:27
Last Minute Offensive  - 0:00
Last Minute Defensive  - 0:00
Total
Forward - 60:00
Defense - 60:00

% Time on Ice - TEXAS TOROS

Lines # - Real PCT - Wanted PCT - Time Play
Normal Forward
1 - 29% - 34% - 12:44
2 - 32% - 33% - 13:56
3 - 23% - 20% - 10:17
4 - 16% - 13% - 7:11
Normal Defense
1 - 42% - 36% - 18:26
2 - 26% - 31% - 11:18
3 - 22% - 23% - 9:31
4 - 11% - 10% - 4:53
PP Forward
1 - 54% - 55% - 4:18
2 - 46% - 45% - 3:38
PP Defense
1 - 48% - 55% - 3:48
2 - 52% - 45% - 4:08
PK Forward
1 - 64% - 55% - 3:50
2 - 36% - 45% - 2:07
PK Defense
1 - 34% - 55% - 2:02
2 - 66% - 45% - 3:55
PK3 Forward
1 - 0% - 55%
2 - 0% - 45%
PK3 Defense
1 - 0% - 55%
2 - 0% - 45%
44 Forward
1 - 82% - 55% - 1:37
2 - 18% - 45% - 0:22
44 Defense
1 - 18% - 55% - 0:22
2 - 82% - 45% - 1:37
Last Minute Offensive  - 0:00
Last Minute Defensive  - 0:00
Total
Forward - 60:00
Defense - 60:00

Play-by-Play

1st period


0:01 of 1st period - Derek Stepan wins face-off versus Ryan Reaves in neutral zone.
0:25 of 1st period - Shot by Derek Stepan.
0:25 of 1st period - Stopped by Louis Domingue without a rebound.
0:26 of 1st period - Alexander Wennberg wins face-off versus Devin Shore in OAKLAND GORILLAS zone.
0:37 of 1st period - Shot by Conor Sheary.
0:37 of 1st period - Stopped by Louis Domingue with a rebound.
0:39 of 1st period - Shot by Alexander Wennberg.
0:39 of 1st period - Shot Misses the Net.
0:41 of 1st period - Shot by Johan Larsson.
0:41 of 1st period - Shot Misses the Net.
0:43 of 1st period - Shot by Alexander Wennberg.
0:43 of 1st period - Stopped by Louis Domingue without a rebound.
0:44 of 1st period - Cedric Paquette wins face-off versus Nick Cousins in OAKLAND GORILLAS zone.
1:08 of 1st period - Brock McGinn is hit by Matt Benning and loses puck.
1:21 of 1st period - Shot by Riley Nash.
1:21 of 1st period - Shot Misses the Net.
1:49 of 1st period - Shot by Justin Abdelkader.
1:49 of 1st period - Shot Misses the Net.
2:22 of 1st period - Icing by Jimmy Vesey.
2:23 of 1st period - Devin Shore wins face-off versus Alexander Wennberg in OAKLAND GORILLAS zone.
2:23 of 1st period - Devin Shore is hit by Johan Larsson.
2:26 of 1st period - Icing by Samuel Girard.
2:27 of 1st period - Derek Stepan wins face-off versus Devin Shore in OAKLAND GORILLAS zone.
2:36 of 1st period - Shot by Jake Virtanen.
2:36 of 1st period - Stopped by Louis Domingue without a rebound.
2:37 of 1st period - Brady Tkachuk wins face-off versus Alexander Wennberg in OAKLAND GORILLAS zone.
2:58 of 1st period - Minor Penalty to Jakob Chychrun for Interference.
2:59 of 1st period - Derek Stepan wins face-off versus Jimmy Vesey in OAKLAND GORILLAS zone.
3:02 of 1st period - Shot by Derek Stepan.
3:02 of 1st period - Stopped by Louis Domingue with a rebound.
3:04 of 1st period - Shot by David Savard.
3:04 of 1st period - Shot Blocked by John Moore.
3:10 of 1st period - Shot by Derek Stepan.
3:10 of 1st period - Shot Misses the Net.
3:12 of 1st period - Shot by David Savard.
3:12 of 1st period - Stopped by Louis Domingue without a rebound.
3:13 of 1st period - Alexander Wennberg wins face-off versus Brady Tkachuk in OAKLAND GORILLAS zone.
3:20 of 1st period - Shot by Conor Sheary.
3:20 of 1st period - Shot Misses the Net.
3:51 of 1st period - Shot by Tyson Barrie.
3:51 of 1st period - Shot Misses the Net.
3:53 of 1st period - Shot by Jake Virtanen.
3:53 of 1st period - Deflect By Conor Sheary.
3:53 of 1st period - Shot Blocked by John Moore.
5:14 of 1st period - Shot by Brock McGinn.
5:14 of 1st period - Shot Misses the Net.
5:16 of 1st period - Shot by Braydon Coburn.
5:16 of 1st period - Shot Misses the Net.
5:30 of 1st period - Shot by Nick Cousins.
5:30 of 1st period - Stopped by Louis Domingue without a rebound.
5:31 of 1st period - Cedric Paquette wins face-off versus Ryan Poehling in OAKLAND GORILLAS zone.
5:44 of 1st period - Shot by Wayne Simmonds.
5:44 of 1st period - Stopped by Cory Schneider without a rebound.
5:45 of 1st period - Alexander Wennberg wins face-off versus Ryan Reaves in TEXAS TOROS zone.
5:45 of 1st period - Alexander Wennberg is hit by Ryan Reaves.
5:57 of 1st period - Shot by Conor Sheary.
5:57 of 1st period - Shot Misses the Net.
5:59 of 1st period - Shot by Dmitry Kulikov.
5:59 of 1st period - Stopped by Louis Domingue without a rebound.
6:00 of 1st period - Derek Stepan wins face-off versus Devin Shore in OAKLAND GORILLAS zone.
6:34 of 1st period - Shot by Max Domi.
6:34 of 1st period - Stopped by Louis Domingue without a rebound.
6:35 of 1st period - Ryan Reaves wins face-off versus Alexander Wennberg in OAKLAND GORILLAS zone.
6:35 of 1st period - Ryan Reaves is hit by Johan Larsson.
7:00 of 1st period - Minor Penalty to John Moore for High sticking.
7:01 of 1st period - Derek Stepan wins face-off versus Jimmy Vesey in OAKLAND GORILLAS zone.
7:01 of 1st period - Derek Stepan is hit by Nathan Beaulieu.
8:41 of 1st period - Matt Benning is hit by Max Domi.
8:49 of 1st period - Shot by Max Domi.
8:49 of 1st period - Deflect By Derek Stepan.
8:49 of 1st period - Stopped by Louis Domingue without a rebound.
8:50 of 1st period - Jimmy Vesey wins face-off versus Alexander Wennberg in OAKLAND GORILLAS zone.
9:25 of 1st period - Icing by Brock McGinn.
9:26 of 1st period - Nick Cousins wins face-off versus Cedric Paquette in TEXAS TOROS zone.
9:35 of 1st period - Shot by Nick Cousins.
9:35 of 1st period - Stopped by Louis Domingue with a rebound.
9:51 of 1st period - Matt Benning is hit by Justin Abdelkader and loses puck.
10:23 of 1st period - Tyson Barrie is hit by Matt Benning and loses puck.
10:24 of 1st period - Tyson Barrie from TEXAS TOROS is injured at 10:24 of 1st period (Strained Right Elbow).
10:25 of 1st period - Derek Stepan wins face-off versus Ryan Reaves in OAKLAND GORILLAS zone.
10:25 of 1st period - Minor Penalty to Filip Hronek for Holding Stick.
10:26 of 1st period - Derek Stepan wins face-off versus Jimmy Vesey in OAKLAND GORILLAS zone.
11:22 of 1st period - Off-side.
11:23 of 1st period - Alexander Wennberg wins face-off versus Jimmy Vesey in neutral zone.
11:40 of 1st period - Shot by Conor Sheary.
11:40 of 1st period - Shot Misses the Net.
11:49 of 1st period - Icing by Conor Sheary.
11:50 of 1st period - Alexander Wennberg wins face-off versus Brady Tkachuk in TEXAS TOROS zone.
13:48 of 1st period - Icing by David Savard.
13:49 of 1st period - Devin Shore wins face-off versus Ryan Poehling in TEXAS TOROS zone.
14:06 of 1st period - Shot by Justin Abdelkader.
14:06 of 1st period - Goal by Justin Abdelkader - OAKLAND GORILLAS : 0 - TEXAS TOROS : 1.
14:07 of 1st period - Derek Stepan wins face-off versus Cedric Paquette in neutral zone.
14:12 of 1st period - Jakob Chychrun is hit by Max Domi and loses puck.
14:19 of 1st period - Shot by Jake Virtanen.
14:19 of 1st period - Stopped by Louis Domingue with a rebound.
14:21 of 1st period - Shot by Jake Virtanen.
14:21 of 1st period - Shot Misses the Net.
14:23 of 1st period - Shot by Derek Stepan.
14:23 of 1st period - Goal by Derek Stepan - OAKLAND GORILLAS : 0 - TEXAS TOROS : 2.
14:24 of 1st period - Alexander Wennberg wins face-off versus Devin Shore in neutral zone.
14:38 of 1st period - Shot by Devin Shore.
14:38 of 1st period - Stopped by Cory Schneider without a rebound.
14:39 of 1st period - Ryan Reaves wins face-off versus Derek Stepan in TEXAS TOROS zone.
15:04 of 1st period - Ryan Reaves is hit by Jake Virtanen and loses puck.
16:36 of 1st period - Off-side.
16:37 of 1st period - Derek Stepan wins face-off versus Stefan Noesen in neutral zone.
16:52 of 1st period - Shot by Max Domi.
16:52 of 1st period - Deflect By Derek Stepan.
16:52 of 1st period - Shot Misses the Net.
16:54 of 1st period - Shot by Dmitry Kulikov.
16:54 of 1st period - Stopped by Louis Domingue without a rebound.
16:55 of 1st period - Alexander Wennberg wins face-off versus Cedric Paquette in OAKLAND GORILLAS zone.
17:06 of 1st period - Shot by Cedric Paquette.
17:06 of 1st period - Stopped by Cory Schneider without a rebound.
17:07 of 1st period - Ryan Reaves wins face-off versus Derek Stepan in TEXAS TOROS zone.
17:24 of 1st period - Shot by Tyler Toffoli.
17:24 of 1st period - Deflect By Brady Tkachuk.
17:24 of 1st period - Shot Blocked by Dmitry Kulikov.
17:26 of 1st period - Shot by John Moore.
17:26 of 1st period - Shot Misses the Net.
17:28 of 1st period - Shot by Tyler Toffoli.
17:28 of 1st period - Deflect By Brady Tkachuk.
17:28 of 1st period - Stopped by Cory Schneider without a rebound.
17:29 of 1st period - Devin Shore wins face-off versus Alexander Wennberg in TEXAS TOROS zone.
18:31 of 1st period - Max Domi is hit by John Moore.
18:49 of 1st period - Shot by Max Domi.
18:49 of 1st period - Stopped by Louis Domingue without a rebound.
18:50 of 1st period - Wayne Simmonds wins face-off versus Nick Cousins in OAKLAND GORILLAS zone.
18:50 of 1st period - Wayne Simmonds is hit by Brock McGinn.
18:57 of 1st period - Icing by Cedric Paquette.
18:58 of 1st period - Ryan Poehling wins face-off versus Cedric Paquette in OAKLAND GORILLAS zone.
19:05 of 1st period - Shot by Justin Abdelkader.
19:05 of 1st period - Stopped by Louis Domingue with a rebound.
19:21 of 1st period - David Savard is hit by Wayne Simmonds and loses puck.
19:32 of 1st period - Matt Benning is hit by Ryan Poehling and loses puck.
19:55 of 1st period - Shot by Brady Tkachuk.
19:55 of 1st period - Stopped by Cory Schneider without a rebound.
19:56 of 1st period - Derek Stepan wins face-off versus Devin Shore in TEXAS TOROS zone.
19:56 of 1st period - Derek Stepan is hit by Devin Shore.
Goals for this period are 0 for OAKLAND GORILLAS vs 2 for TEXAS TOROS.
Shots for this period are 5 for OAKLAND GORILLAS vs 17 for TEXAS TOROS.

2nd period


0:01 of 2nd period - Derek Stepan wins face-off versus Ryan Reaves in neutral zone.
0:14 of 2nd period - Shot by Tyler Toffoli.
0:14 of 2nd period - Shot Misses the Net.
1:05 of 2nd period - James Neal is hit by Johan Larsson and loses puck.
1:21 of 2nd period - Shot by Jimmy Vesey.
1:21 of 2nd period - Shot Misses the Net.
1:36 of 2nd period - Icing by Dmitry Kulikov.
1:37 of 2nd period - Alexander Wennberg wins face-off versus Cedric Paquette in TEXAS TOROS zone.
1:59 of 2nd period - Icing by Nathan Beaulieu.
2:00 of 2nd period - Nick Cousins wins face-off versus Wayne Simmonds in OAKLAND GORILLAS zone.
2:15 of 2nd period - Off-side.
2:16 of 2nd period - Ryan Poehling wins face-off versus Ryan Reaves in neutral zone.
2:58 of 2nd period - Shot by Ryan Reaves.
2:58 of 2nd period - Stopped by Cory Schneider without a rebound.
2:59 of 2nd period - Derek Stepan wins face-off versus Devin Shore in TEXAS TOROS zone.
3:51 of 2nd period - Minor Penalty to David Savard for Hooking.
3:52 of 2nd period - Derek Stepan wins face-off versus Cedric Paquette in TEXAS TOROS zone.
4:15 of 2nd period - Shot by Cedric Paquette.
4:15 of 2nd period - Stopped by Cory Schneider without a rebound.
4:16 of 2nd period - Ryan Poehling wins face-off versus Devin Shore in TEXAS TOROS zone.
4:47 of 2nd period - Icing by Wayne Simmonds.
4:48 of 2nd period - Devin Shore wins face-off versus Derek Stepan in OAKLAND GORILLAS zone.
5:25 of 2nd period - Brock McGinn is hit by Wayne Simmonds and loses puck.
6:18 of 2nd period - Brandon Dubinsky is hit by Johan Larsson and loses puck.
7:10 of 2nd period - Minor Penalty to Dmitry Kulikov for Hooking.
7:11 of 2nd period - Derek Stepan wins face-off versus James Neal in TEXAS TOROS zone.
7:30 of 2nd period - Shot by Brady Tkachuk.
7:30 of 2nd period - Stopped by Cory Schneider without a rebound.
7:31 of 2nd period - Derek Stepan wins face-off versus Devin Shore in TEXAS TOROS zone.
7:44 of 2nd period - Shot by Wayne Simmonds.
7:44 of 2nd period - Stopped by Cory Schneider without a rebound.
7:45 of 2nd period - Ryan Poehling wins face-off versus James Neal in TEXAS TOROS zone.
8:01 of 2nd period - Shot by Jakob Chychrun.
8:01 of 2nd period - Stopped by Cory Schneider without a rebound.
8:02 of 2nd period - Derek Stepan wins face-off versus Jimmy Vesey in TEXAS TOROS zone.
8:18 of 2nd period - Jimmy Vesey is hit by Justin Abdelkader.
8:19 of 2nd period - Icing by Jimmy Vesey.
8:20 of 2nd period - Derek Stepan wins face-off versus Devin Shore in OAKLAND GORILLAS zone.
8:57 of 2nd period - Off-side.
8:58 of 2nd period - Ryan Poehling wins face-off versus James Neal in neutral zone.
9:04 of 2nd period - Icing by John Moore.
9:05 of 2nd period - James Neal wins face-off versus Ryan Poehling in OAKLAND GORILLAS zone.
9:10 of 2nd period - Shot by Brady Tkachuk.
9:10 of 2nd period - Stopped by Cory Schneider without a rebound.
9:11 of 2nd period - Ryan Reaves wins face-off versus Alexander Wennberg in TEXAS TOROS zone.
10:14 of 2nd period - Icing by Braydon Coburn.
10:15 of 2nd period - Cedric Paquette wins face-off versus Derek Stepan in TEXAS TOROS zone.
10:16 of 2nd period - Shot by Wayne Simmonds.
10:16 of 2nd period - Goal by Wayne Simmonds - OAKLAND GORILLAS : 1 - TEXAS TOROS : 2.
10:17 of 2nd period - Nick Cousins wins face-off versus Devin Shore in neutral zone.
10:39 of 2nd period - Icing by Braydon Coburn.
10:40 of 2nd period - Cedric Paquette wins face-off versus Nick Cousins in TEXAS TOROS zone.
10:59 of 2nd period - Shot by Jordan Greenway.
10:59 of 2nd period - Shot Misses the Net.
11:01 of 2nd period - Shot by Cedric Paquette.
11:01 of 2nd period - Shot Misses the Net.
11:03 of 2nd period - Shot by Jakob Chychrun.
11:03 of 2nd period - Shot Misses the Net.
11:15 of 2nd period - Shot by Wayne Simmonds.
11:15 of 2nd period - Stopped by Cory Schneider with a rebound.
12:43 of 2nd period - Icing by Tyler Toffoli.
12:44 of 2nd period - Alexander Wennberg wins face-off versus Ryan Reaves in OAKLAND GORILLAS zone.
13:03 of 2nd period - Shot by Alexander Wennberg.
13:03 of 2nd period - Shot Misses the Net.
13:07 of 2nd period - Shot by Alexander Wennberg.
13:07 of 2nd period - Shot Misses the Net.
13:09 of 2nd period - Shot by Derek Stepan.
13:09 of 2nd period - Shot Hit the Post.
13:24 of 2nd period - Icing by Matt Benning.
13:25 of 2nd period - Ryan Poehling wins face-off versus Ryan Reaves in OAKLAND GORILLAS zone.
13:30 of 2nd period - Shot by Justin Abdelkader.
13:30 of 2nd period - Stopped by Louis Domingue without a rebound.
13:31 of 2nd period - Devin Shore wins face-off versus Ryan Poehling in OAKLAND GORILLAS zone.
13:31 of 2nd period - Devin Shore is hit by Ryan Poehling.
13:46 of 2nd period - Icing by Justin Abdelkader.
13:47 of 2nd period - Ryan Poehling wins face-off versus Cedric Paquette in TEXAS TOROS zone.
13:49 of 2nd period - Justin Abdelkader is hit by Cedric Paquette and loses puck.
14:04 of 2nd period - Shot by Cedric Paquette.
14:04 of 2nd period - Stopped by Cory Schneider with a rebound.
14:06 of 2nd period - Shot by Cedric Paquette.
14:06 of 2nd period - Stopped by Cory Schneider without a rebound.
14:07 of 2nd period - Alexander Wennberg wins face-off versus Devin Shore in TEXAS TOROS zone.
14:11 of 2nd period - Conor Sheary is hit by Jakob Chychrun and loses puck.
14:28 of 2nd period - Shot by James Neal.
14:28 of 2nd period - Stopped by Cory Schneider without a rebound.
14:29 of 2nd period - Cedric Paquette wins face-off versus Derek Stepan in TEXAS TOROS zone.
15:06 of 2nd period - Wayne Simmonds is hit by Jake Virtanen.
15:22 of 2nd period - Johan Larsson is hit by Cedric Paquette and loses puck.
16:04 of 2nd period - Shot by Nick Cousins.
16:04 of 2nd period - Stopped by Louis Domingue without a rebound.
16:05 of 2nd period - Ryan Poehling wins face-off versus Devin Shore in OAKLAND GORILLAS zone.
16:27 of 2nd period - Shot by Justin Abdelkader.
16:27 of 2nd period - Shot Misses the Net.
16:29 of 2nd period - Shot by David Savard.
16:29 of 2nd period - Stopped by Louis Domingue without a rebound.
16:30 of 2nd period - Derek Stepan wins face-off versus Stefan Noesen in OAKLAND GORILLAS zone.
16:31 of 2nd period - Shot by Max Domi.
16:31 of 2nd period - Stopped by Louis Domingue with a rebound.
17:09 of 2nd period - Minor Penalty to Stefan Noesen for Roughing.
17:10 of 2nd period - Alexander Wennberg wins face-off versus Jimmy Vesey in OAKLAND GORILLAS zone.
17:23 of 2nd period - Shot by Conor Sheary.
17:23 of 2nd period - Stopped by Louis Domingue without a rebound.
17:24 of 2nd period - Derek Stepan wins face-off versus Jimmy Vesey in OAKLAND GORILLAS zone.
17:29 of 2nd period - Shot by Max Domi.
17:29 of 2nd period - Stopped by Louis Domingue with a rebound.
17:35 of 2nd period - Shot by Max Domi.
17:35 of 2nd period - Shot Blocked by Jimmy Vesey.
17:37 of 2nd period - Shot by Johan Larsson.
17:37 of 2nd period - Stopped by Louis Domingue without a rebound.
17:38 of 2nd period - Jimmy Vesey wins face-off versus Alexander Wennberg in OAKLAND GORILLAS zone.
17:38 of 2nd period - Jimmy Vesey is hit by Jake Virtanen.
17:44 of 2nd period - Alexander Wennberg is hit by Jimmy Vesey.
17:52 of 2nd period - Shot by Jake Virtanen.
17:52 of 2nd period - Shot Blocked by John Moore.
18:21 of 2nd period - Off-side.
18:22 of 2nd period - Derek Stepan wins face-off versus Brady Tkachuk in neutral zone.
19:03 of 2nd period - Shot by Derek Stepan.
19:03 of 2nd period - Stopped by Louis Domingue without a rebound.
19:04 of 2nd period - Alexander Wennberg wins face-off versus Tyler Toffoli in OAKLAND GORILLAS zone.
19:07 of 2nd period - Shot by Jake Virtanen.
19:07 of 2nd period - Stopped by Louis Domingue without a rebound.
19:08 of 2nd period - Jimmy Vesey wins face-off versus Conor Sheary in OAKLAND GORILLAS zone.
19:08 of 2nd period - Jimmy Vesey is hit by Jake Virtanen.
19:21 of 2nd period - Nick Cousins is hit by Matt Benning.
19:29 of 2nd period - Shot by Jimmy Vesey.
19:29 of 2nd period - Stopped by Cory Schneider without a rebound.
19:30 of 2nd period - Ryan Reaves wins face-off versus Derek Stepan in TEXAS TOROS zone.
19:49 of 2nd period - Tyler Toffoli is hit by Dmitry Kulikov.
19:57 of 2nd period - Shot by Brady Tkachuk.
19:57 of 2nd period - Shot Misses the Net.
19:59 of 2nd period - Shot by Brady Tkachuk.
19:59 of 2nd period - Shot Misses the Net.
Goals for this period are 1 for OAKLAND GORILLAS vs 0 for TEXAS TOROS.
Shots for this period are 12 for OAKLAND GORILLAS vs 9 for TEXAS TOROS.

3rd period


0:01 of 3rd period - Ryan Reaves wins face-off versus Alexander Wennberg in neutral zone.
0:01 of 3rd period - Ryan Reaves is hit by Johan Larsson.
0:22 of 3rd period - Shot by Conor Sheary.
0:22 of 3rd period - Stopped by Louis Domingue with a rebound.
0:34 of 3rd period - Shot by Conor Sheary.
0:34 of 3rd period - Stopped by Louis Domingue without a rebound.
0:35 of 3rd period - Devin Shore wins face-off versus Derek Stepan in OAKLAND GORILLAS zone.
0:59 of 3rd period - Max Domi is hit by John Moore and loses puck.
1:11 of 3rd period - Minor Penalty to Jake Virtanen for Cross-checking.
1:11 of 3rd period - Minor Penalty to John Moore for Hooking.
1:12 of 3rd period - Alexander Wennberg wins face-off versus Ryan Reaves in OAKLAND GORILLAS zone.
1:33 of 3rd period - Shot by Alexander Wennberg.
1:33 of 3rd period - Goal by Alexander Wennberg - OAKLAND GORILLAS : 1 - TEXAS TOROS : 3.
1:34 of 3rd period - Max Domi wins face-off versus Ryan Reaves in neutral zone.
1:36 of 3rd period - Off-side.
1:37 of 3rd period - Max Domi wins face-off versus Ryan Reaves in neutral zone.
1:44 of 3rd period - Shot by Derek Stepan.
1:44 of 3rd period - Shot Misses the Net.
2:03 of 3rd period - Tyler Toffoli is hit by David Savard and loses puck.
2:31 of 3rd period - Shot by Brady Tkachuk.
2:31 of 3rd period - Shot Misses the Net.
2:36 of 3rd period - Icing by David Savard.
2:37 of 3rd period - James Neal wins face-off versus Max Domi in TEXAS TOROS zone.
2:37 of 3rd period - James Neal is hit by David Savard.
2:53 of 3rd period - Shot by Tyler Toffoli.
2:53 of 3rd period - Shot Misses the Net.
3:00 of 3rd period - James Neal is hit by David Savard and loses puck.
3:14 of 3rd period - Jordan Greenway is hit by Dante Fabbro and loses puck.
3:23 of 3rd period - Shot by Wayne Simmonds.
3:23 of 3rd period - Stopped by Cory Schneider without a rebound.
3:24 of 3rd period - Nick Cousins wins face-off versus Stefan Noesen in TEXAS TOROS zone.
3:30 of 3rd period - Icing by Nick Cousins.
3:31 of 3rd period - Nick Cousins wins face-off versus Cedric Paquette in TEXAS TOROS zone.
4:29 of 3rd period - Shot by Alexander Wennberg.
4:29 of 3rd period - Stopped by Louis Domingue without a rebound.
4:30 of 3rd period - Ryan Reaves wins face-off versus Ryan Poehling in OAKLAND GORILLAS zone.
4:50 of 3rd period - Justin Abdelkader is hit by Ryan Reaves and loses puck.
4:58 of 3rd period - Justin Abdelkader is hit by Filip Hronek and loses puck.
5:10 of 3rd period - Tyler Toffoli is hit by Braydon Coburn and loses puck.
5:33 of 3rd period - Shot by Jimmy Vesey.
5:33 of 3rd period - Shot Misses the Net.
5:44 of 3rd period - Shot by Devin Shore.
5:44 of 3rd period - Stopped by Cory Schneider without a rebound.
5:45 of 3rd period - Derek Stepan wins face-off versus Valeri Nichushkin in TEXAS TOROS zone.
5:45 of 3rd period - Derek Stepan is hit by Stefan Noesen.
6:02 of 3rd period - Shot by Max Domi.
6:02 of 3rd period - Shot Misses the Net.
6:06 of 3rd period - Shot by Max Domi.
6:06 of 3rd period - Shot Misses the Net.
6:08 of 3rd period - Shot by Max Domi.
6:08 of 3rd period - Deflect By Derek Stepan.
6:08 of 3rd period - Stopped by Louis Domingue without a rebound.
6:09 of 3rd period - Cedric Paquette wins face-off versus Alexander Wennberg in OAKLAND GORILLAS zone.
6:09 of 3rd period - Wayne Simmonds is hit by Johan Larsson and loses puck.
6:39 of 3rd period - Alexander Wennberg is hit by Filip Hronek and loses puck.
7:19 of 3rd period - Icing by Dmitry Kulikov.
7:20 of 3rd period - Derek Stepan wins face-off versus Devin Shore in TEXAS TOROS zone.
9:20 of 3rd period - Icing by Nathan Beaulieu.
9:21 of 3rd period - Alexander Wennberg wins face-off versus Ryan Reaves in OAKLAND GORILLAS zone.
9:44 of 3rd period - Shot by Alexander Wennberg.
9:44 of 3rd period - Stopped by Louis Domingue without a rebound.
9:45 of 3rd period - Cedric Paquette wins face-off versus Nick Cousins in OAKLAND GORILLAS zone.
9:56 of 3rd period - Icing by Jake Virtanen.
9:57 of 3rd period - Nick Cousins wins face-off versus Devin Shore in TEXAS TOROS zone.
10:11 of 3rd period - Riley Nash is hit by John Moore and loses puck.
10:47 of 3rd period - Off-side.
10:48 of 3rd period - Cedric Paquette wins face-off versus Ryan Poehling in neutral zone.
10:54 of 3rd period - Cedric Paquette is hit by Braydon Coburn and loses puck.
11:01 of 3rd period - Shot by Wayne Simmonds.
11:01 of 3rd period - Shot Blocked by Justin Abdelkader.
11:03 of 3rd period - Shot by Jordan Greenway.
11:03 of 3rd period - Stopped by Cory Schneider without a rebound.
11:04 of 3rd period - Brandon Dubinsky wins face-off versus Alexander Wennberg in TEXAS TOROS zone.
11:24 of 3rd period - Shot by Johan Larsson.
11:24 of 3rd period - Shot Misses the Net.
11:52 of 3rd period - Shot by Derek Stepan.
11:52 of 3rd period - Shot Blocked by Jakob Chychrun.
12:25 of 3rd period - Shot by Nathan Beaulieu.
12:25 of 3rd period - Shot Misses the Net.
12:27 of 3rd period - Shot by Brady Tkachuk.
12:27 of 3rd period - Shot Hit the Post.
12:33 of 3rd period - Shot by Ryan Reaves.
12:33 of 3rd period - Shot Misses the Net.
12:35 of 3rd period - Shot by Nathan Beaulieu.
12:35 of 3rd period - Stopped by Cory Schneider without a rebound.
12:36 of 3rd period - Devin Shore wins face-off versus Nick Cousins in TEXAS TOROS zone.
12:54 of 3rd period - Off-side.
12:55 of 3rd period - Alexander Wennberg wins face-off versus Cedric Paquette in neutral zone.
13:02 of 3rd period - Shot by Conor Sheary.
13:02 of 3rd period - Shot Blocked by John Moore.
13:15 of 3rd period - Minor Penalty to David Savard for Interference.
13:16 of 3rd period - Derek Stepan wins face-off versus James Neal in TEXAS TOROS zone.
13:27 of 3rd period - Off-side.
13:28 of 3rd period - Derek Stepan wins face-off versus Devin Shore in neutral zone.
14:08 of 3rd period - Shot by Jimmy Vesey.
14:08 of 3rd period - Deflect By Wayne Simmonds.
14:08 of 3rd period - Shot Blocked by Brock McGinn.
14:34 of 3rd period - Shot by Brady Tkachuk.
14:34 of 3rd period - Stopped by Cory Schneider with a rebound.
14:56 of 3rd period - Shot by Brady Tkachuk.
14:56 of 3rd period - Deflect By Tyler Toffoli.
14:56 of 3rd period - Shot Misses the Net.
15:25 of 3rd period - Icing by Matt Benning.
15:26 of 3rd period - Stefan Noesen wins face-off versus Johan Larsson in OAKLAND GORILLAS zone.
16:24 of 3rd period - Icing by David Savard.
16:25 of 3rd period - Ryan Reaves wins face-off versus Derek Stepan in TEXAS TOROS zone.
16:44 of 3rd period - Shot by Tyler Toffoli.
16:44 of 3rd period - Stopped by Cory Schneider without a rebound.
16:45 of 3rd period - Devin Shore wins face-off versus Alexander Wennberg in TEXAS TOROS zone.
16:50 of 3rd period - Shot by Jimmy Vesey.
16:50 of 3rd period - Stopped by Cory Schneider without a rebound.
16:51 of 3rd period - Alexander Wennberg wins face-off versus Devin Shore in TEXAS TOROS zone.
16:57 of 3rd period - Off-side.
16:58 of 3rd period - Ryan Reaves wins face-off versus Alexander Wennberg in neutral zone.
17:35 of 3rd period - Shot by Ryan Reaves.
17:35 of 3rd period - Shot Blocked by Braydon Coburn.
18:00 of 3rd period - Icing by Braydon Coburn.
18:01 of 3rd period - Johan Larsson wins face-off versus Cedric Paquette in TEXAS TOROS zone.
18:35 of 3rd period - Shot by Jake Virtanen.
18:35 of 3rd period - Stopped by Louis Domingue without a rebound.
18:36 of 3rd period - Nick Cousins wins face-off versus Devin Shore in OAKLAND GORILLAS zone.
18:43 of 3rd period - Icing by John Moore.
18:44 of 3rd period - Devin Shore wins face-off versus Nick Cousins in OAKLAND GORILLAS zone.
19:44 of 3rd period - Ryan Reaves is hit by Riley Nash and loses puck.
Goals for this period are 0 for OAKLAND GORILLAS vs 1 for TEXAS TOROS.
Shots for this period are 7 for OAKLAND GORILLAS vs 7 for TEXAS TOROS.


RYAN
NUGENT-HOPKINS
THATCHER
DEMKO
MITCHELL
MARNER

EAST COAST

HOCKEY LEAGUE

  • 13.MAN3PIT5
  • 14.NHW2ATL3
  • 15.PET5WOR4
  • 16.RHI30
  • 17.QUECHI
  • 18.CHALIM
  • 19.TRVLON
  • 20.CHWBAL